Map: [ESL] Dragon Scales

Players

PattyMac - Winner!

  • Race: Protoss Protoss
  • Spawn Location: 11:00

Dolan

  • Race: Terran Terran
  • Spawn Location: 5:00

Event: ESL SC2 Masters 2023 Summer (Regionals)

VOD

Have the link to the VOD?

Description

Time

  • Played on: May 10, 2023, 2:38 p.m.
  • Length: 13:21

All games in this series

Show
View Real Time Build Order
Export as new Build Order

PattyMac Protoss - Winner!

Build Orders: 1 Gate Expand 

Get SALT Encoding   

  12  0:00  Probe  
  13  0:12  Probe  
  14  0:18  Pylon  
  14  0:24  Probe (Chrono Boost)  
  15  0:37  Probe (Chrono Boost)  
  15  0:38  Gateway  
  16  0:43  Probe (Chrono Boost)  
  16  0:47  Assimilator  
  17  0:55  Probe  
  18  1:03  Gateway  
  18  1:18  Probe  
  18  1:25  Cybernetics Core  
  19  1:42  Nexus  
  19  1:49  Pylon  
  19  2:01  Adept (Chrono Boost)  
  19  2:02  Warp Gate  
  19  2:08  Adept (Chrono Boost)  
  22  2:09  Probe  
  23  2:16  Assimilator  
  23  2:22  Adept (Chrono Boost)  
  25  2:25  Probe  
  26  2:30  Adept  
  28  2:38  Probe  
  29  2:54  Probe x2 (Chrono Boost)  
  30  3:03  Probe (Chrono Boost)  
  30  3:05  Probe (Chrono Boost)  
  32  3:08  Probe (Chrono Boost)  
  33  3:14  Robotics Facility, Probe  
  34  3:20  Probe  
  34  3:26  Probe  
  36  3:32  Probe  
  37  3:35  Twilight Council  
  38  3:41  Probe (Chrono Boost), Pylon  
  38  3:44  Probe (Chrono Boost)  
  39  3:54  Probe (Chrono Boost)  
  39  3:55  Probe (Chrono Boost), Pylon  
  41  4:00  Probe  
  41  4:01  Observer (Chrono Boost)  
  43  4:03  Probe  
  43  4:04  Stalker x2  
  48  4:12  Probe  
  48  4:13  Assimilator  
  48  4:15  Gateway  
  49  4:20  Probe  
  50  4:25  Shield Battery  
  50  4:28  Blink (Chrono Boost)  
  50  4:31  Probe, Observer  
  50  4:33  Probe  
  52  4:39  Stalker, Observer  
  52  4:42  Warp Prism, Observer  
  56  4:47  Probe  
  56  4:52  Gateway  
  57  4:54  Stalker  
  59  5:11  Probe x2  
  59  5:12  Shield Battery  
  59  5:13  Stalker  
  57  5:22  Observer (Chrono Boost)  
  57  5:23  Probe  
  57  5:24  Probe  
  60  5:32  Stalker  
  62  5:36  Pylon  
  62  5:37  Pylon  
  62  5:45  Pylon  
  62  5:51  Shield Battery  
  62  5:54  Probe x2, Stalker x3  
  70  6:17  Stalker x2  
  70  6:18  Stalker x2  
  74  6:40  Stalker x2  
  74  6:43  Probe (Chrono Boost)  
  77  6:50  Probe (Chrono Boost)  
  79  6:55  Probe (Chrono Boost)  
  79  6:58  Templar Archives  
  79  7:00  Probe (Chrono Boost), Pylon, Assimilator  
  80  7:02  Probe (Chrono Boost), Stalker  
  80  7:03  Stalker  
  85  7:13  Observer  
  81  7:17  Warp Prism  
  77  7:28  Psionic Storm  
  73  7:36  Probe (Chrono Boost)  
  73  7:37  Probe (Chrono Boost)  
  71  7:44  High Templar x2  
  71  7:46  Nexus  
  71  7:47  Charge (Chrono Boost)  
  71  7:48  Probe (Chrono Boost), Pylon  
  77  7:54  Probe (Chrono Boost)  
  77  7:56  Probe (Chrono Boost)  
  78  8:00  Probe (Chrono Boost)  
  79  8:11  High Templar  
  81  8:14  High Templar  
  81  8:19  Gateway  
  83  8:21  Gateway  
  83  8:27  Zealot x2  
  83  8:28  Probe x2  
  83  8:31  Pylon  
  89  8:37  Shield Battery  
  88  8:48  Observer  
  88  8:50  Stalker x4  
  93  8:56  Probe x2  
  95  9:13  High Templar x2  
  95  9:14  Zealot x2  
  95  9:17  Immortal (Chrono Boost), Probe  
  106  9:24  Archon  
  104  9:32  Zealot x2  
  108  9:39  Zealot x2  
  108  9:42  Gateway  
  111  9:48  High Templar  
  111  9:49  Immortal  
  115  9:53  Zealot x3  
  101  10:04  Stalker x2  
  101  10:05  Probe x2  
  101  10:20  Zealot x4  
  107  10:23  Probe x2  
  107  10:27  High Templar x2  
  109  10:51  Zealot x5  
  119  11:01  Probe x2 (Chrono Boost)  
  119  11:02  Probe (Chrono Boost)  
  115  11:12  Probe (Chrono Boost), Forge  
  113  11:22  Zealot x5  
  109  11:29  Archon  
  91  11:35  Zealot x2  
  91  11:37  Immortal (Chrono Boost)  
  69  11:47  Zealot x5  
  79  11:58  Stalker x2  
  75  12:09  High Templar  
  75  12:11  High Templar x2, Shield Battery  
  75  12:12  Sentry x2  
  75  12:15  Archon, Observer  
  85  12:17  Archon, Observer  
  85  12:19  Probe  
  85  12:22  Immortal (Chrono Boost)  
  86  12:26  Shield Battery  
  90  12:32  Sentry, Zealot  
  94  12:40  Zealot x2  
  98  12:47  Stalker x2  
  98  12:51  Zealot  
  98  12:58  Zealot x2  
  78  13:07  Stalker x2  
  78  13:18  Stalker x2  
Show
View Real Time Build Order
Export as new Build Order

Dolan Terran 

Build Orders: Cyclone Opening 

Get SALT Encoding   

  12  0:00  SCV  
  13  0:12  SCV  
  14  0:16  Supply Depot  
  14  0:24  SCV  
  15  0:38  SCV, Barracks  
  15  0:42  Refinery  
  16  0:50  SCV  
  16  0:53  Refinery  
  17  1:02  SCV  
  18  1:06  Supply Depot  
  18  1:14  SCV  
  19  1:25  Reaper  
  20  1:29  Orbital Command  
  20  1:42  Factory  
  20  1:55  SCV  
  21  2:07  SCV  
  22  2:17  Command Center  
  22  2:21  SCV  
  23  2:24  Barracks Reactor  
  23  2:29  Factory Tech Lab  
  23  2:33  SCV  
  24  2:41  Starport  
  24  2:45  SCV  
  24  2:49  Cyclone  
  28  2:57  Supply Depot  
  28  3:00  SCV  
  28  3:03  Marine  
  28  3:04  Marine  
  31  3:19  SCV  
  32  3:21  Marine  
  32  3:22  Marine  
  34  3:30  Banshee, Cloaking Field  
  37  3:36  SCV, Factory Tech Lab  
  37  3:39  Marine x2  
  40  3:48  SCV  
  40  3:56  Orbital Command  
  40  3:58  Marine x2  
  40  4:00  SCV  
  40  4:02  Siege Tank  
  46  4:09  Supply Depot  
  46  4:12  SCV  
  46  4:15  Banshee  
  50  4:24  SCV, Marine x2  
  50  4:25  SCV  
  50  4:31  Supply Depot  
  54  4:34  Siege Tank  
  57  4:40  SCV x2  
  57  4:44  Marine  
  57  4:45  Marine  
  61  4:52  SCV x2  
  63  4:53  Supply Depot  
  63  5:01  Barracks  
  63  5:03  Barracks  
  63  5:04  Marine x2  
  63  5:05  SCV x2  
  67  5:12  Siege Tank  
  70  5:19  SCV  
  70  5:20  SCV  
  72  5:26  Refinery  
  72  5:27  Engineering Bay  
  72  5:28  Starport Tech Lab  
  72  5:29  Supply Depot, Marine x2  
  74  5:36  SCV  
  74  5:37  SCV  
  76  5:44  Supply Depot  
  76  5:46  Refinery  
  76  5:48  SCV  
  76  5:49  SCV  
  78  5:50  Marine x2  
  78  5:56  Terran Infantry Weapons Level 1  
  80  6:02  Starport Reactor, Stimpack  
  80  6:09  Factory Reactor  
  80  6:11  SCV x2  
  80  6:21  Marine x4  
  80  6:23  SCV x2  
  86  6:38  SCV x2  
  86  6:39  Marauder, Marine x2  
  94  6:40  Marauder  
  94  6:46  Widow Mine  
  93  6:50  Supply Depot, Barracks  
  93  6:52  Widow Mine  
  93  6:53  Combat Shield  
  95  6:56  Marine  
  95  7:00  Barracks  
  96  7:10  Marauder, Marine  
  96  7:11  Marauder  
  96  7:14  Marine  
  98  7:20  SCV  
  98  7:21  SCV  
  92  7:28  Marine  
  79  7:32  Marauder x2, Marine  
  79  7:33  SCV x2  
  79  7:35  Widow Mine x2, Medivac  
  89  7:44  Supply Depot  
  89  7:51  Supply Depot  
  89  7:53  Marauder  
  89  7:54  Supply Depot  
  89  7:56  Barracks Reactor  
  86  8:07  Marauder, Marine x2  
  86  8:08  Marauder  
  87  8:14  Marauder, Widow Mine, Medivac  
  87  8:15  Widow Mine, Medivac  
  87  8:17  Concussive Shells  
  87  8:18  Terran Infantry Armor Level 1  
  99  8:29  Supply Depot  
  99  8:30  Marauder x2, Marine x2  
  103  8:36  Marauder, Widow Mine x2  
  109  8:41  Marine x2  
  111  8:52  Marauder x2  
  115  8:57  Marauder  
  115  9:00  Marine x3  
  115  9:01  Marine  
  118  9:05  Supply Depot  
  118  9:08  Supply Depot  
  112  9:10  SCV  
  112  9:11  SCV  
  112  9:13  Marauder x2  
  112  9:15  Widow Mine  
  118  9:21  Marauder, Widow Mine  
  121  9:37  Marine x2  
  121  9:38  Marauder x2, Marine x2  
  129  9:41  Widow Mine  
  129  9:42  Marauder, Widow Mine  
  135  9:50  Medivac x2  
  123  10:05  Marine  
  123  10:06  Marauder x3, Marine x3  
  125  10:14  Ghost Academy  
  121  10:27  Command Center  
  119  10:47  Missile Turret  
  119  10:49  Ghost x2  
  112  10:50  Ghost  
  118  11:03  Viking  
  118  11:05  Marine  
  118  11:06  Widow Mine  
  118  11:08  SCV  
  123  11:11  SCV  
  123  11:16  Medivac  
  115  11:30  Ghost  
  82  11:33  Medivac  
  82  11:36  Marauder  
  72  11:45  SCV  
  72  11:46  SCV  
  70  12:16  Orbital Command  
  70  12:20  Refinery  
  70  12:22  SCV x2  
  72  12:27  Marine  
  72  12:28  Marine  
  74  12:36  Marine  
  77  12:37  Marauder  
  77  12:50  Ghost, Marine x2  
  77  12:51  Marauder  
Tags
 
Add a new tag
Caveats
  • Supply blocks, unpowered buildings, or Contaminate may cause inaccurate times.
  • Supply counts are checked every 10 seconds.